 Dungeon Crawl Stone Soup version bcrawl-1.37.2 (webtiles) character file.

Game seed: 11212825272407007219

162855 Morbidden the Shield-Bearer (level 6, 0/37 HPs)
             Began as a Skeleton Fighter on Nov 27, 2022.
             Slain by an ogre
             ... wielding a +0 giant club
              (18 damage)
             ... on level 4 of the Dungeon.
             The game lasted 00:05:28 (3462 turns).

Morbidden the Shield-Bearer (Skeleton Fighter)      Turns: 3462, Time: 00:05:29

Health: 0/37       AC: 10    Str: 23      XL:     6   Next: 25%
Magic:  0/9        EV:  5    Int:  7 (8)  God:
Gold:   197        SH: 10    Dex:  7 (8)  Spells: 9/9 levels left

rFire    . . .     GDR:     23% a - +0 war axe
rCold    + . .     SeeInvis .   c - +1 medium shield
rNeg     + + +     Gourm    .   m - +0 chain mail
rPois    ∞         Faith    .   (no helmet)
rElec    .         Spirit   +   f - +0 cloak
rCorr    .         Reflect  .   (no gloves)
MR       .....                  (no boots)
Stlth    ..........             (no amulet)
HPRegen  0.16/turn              (no ring)
MPRegen  0.11/turn              (no ring)

@: no status effects
A: no food or potions, cold resistance 1, deterioration 1, negative energy
resistance 3, powered by death 1, torment resistance, unbreathing, magic shield,
sturdy frame 1, spell healing
a: no special abilities


You were on level 4 of the Dungeon.
You were not hungry.

You visited 1 branch of the dungeon, and saw 4 of its levels.

You collected 197 gold pieces.

Inventory:

Hand Weapons
 a - a +0 war axe (weapon)
 b - a +0 flail
Missiles
 j - 26 curare-tipped needles
Armour
 c - a +1 medium shield (worn)
 f - a +0 cloak (worn)
 m - a +0 chain mail (worn)
Wands
 n - a wand of polymorph (13)
Scrolls
 d - a scroll of immolation
 e - a scroll of magic mapping {unknown}
 g - a scroll of fog
 h - 2 scrolls of remove curse
 i - 6 scrolls of identify
 l - a scroll of fear {unknown}
 o - a scroll of blinking {unknown}


   Skills:
 * Level 3.5 Fighting
 * Level 4.8 Axes
 * Level 0.6(3.0) Maces & Flails
 * Level 4.5 Armour
 * Level 1.6 Dodging
 * Level 5.0 Shields
 * Level 2.0 Spellcasting


You had 9 spell levels left.
You didn't know any spells.
Your spell library was empty.

Dungeon Overview and Level Annotations

Branches:
Dungeon (4/12)
 Temple: D:4-7

Altars:
Lugonu
Ru

Shops:
D:4 *

Annotations:
D:3 3 runed translucent doors, foxfromabyss's ghost, amateur DgAc


Innate Abilities, Weirdness & Mutations

You do not eat or drink.
You are immune to poison.
Your flesh is cold resistant. (rC+)
Your body sometimes deteriorates upon taking damage.
You are immune to negative energy. (rN+++)
You regenerate a little health from kills.
You are immune to unholy pain and torment.
You can survive without breathing.
When hurt, damage is shared between your health and your magic reserves.
Your movements are slightly less encumbered by armour. (ER -2)
Casting spells heals you.


Message History

The orc wizard hits you but does no damage.
The orc wizard gestures wildly while chanting.
The orc wizard blinks!
The ogre hits you with a +0 giant club.
The orc wizard gestures wildly while chanting.
The orc wizard blinks!
You barely miss the ogre. The ogre hits you with a +0 giant club!
Your body deteriorates!
You feel dopey.
You slash the ogre!
The ogre is moderately wounded.
The ogre barely misses you.
You barely miss the ogre.
The ogre is moderately wounded.
The ogre hits you with a +0 giant club!
Your body deteriorates!
You feel clumsy.
No path to travel!
You closely miss the ogre.
The ogre is moderately wounded.
The ogre hits you with a +0 giant club!!
You die...

### ##(## ##...##
#####.....####### #############
..........>.....#####<...........
#####.....#####.@.....###########
######...## #O####### #
......#.## #o# # #####.### #.#
############# # #.# ### #.#
#.........o.. # #.# ##§###.#
#.########### # #.# ##Y#W##.#
#....# #
#####.###§###O........##o# .
.##.[...§..# ##.########.###### #


You could see an ogre and an orc wizard.

Vanquished Creatures
  A howler monkey (D:3)
  2 crimson imps (D:4)
  An orc wizard (D:3)
  A worker ant (D:4)
  4 adders
  2 oozes
  2 worms
  3 dart slugs (D:3)
  7 leopard geckos
  5 orcs (D:3)
  2 giant cockroaches (D:1)
  7 goblins
  15 hobgoblins
  11 jackals (D:3)
  6 kobolds
  5 quokkas
  2 ball pythons (D:1)
  6 bats
  3 frilled lizards
  7 rats
92 creatures vanquished.

Notes
Turn   | Place    | Note
-------+----------+-------------------------------------------
     0 | D:1      | Morbidden the Skeleton Fighter began the quest for the Orb.
     0 | D:1      | Reached XP level 1. HP: 14/14 MP: 1/1
   307 | D:1      | Reached XP level 2. HP: 18/19 MP: 2/2
   312 | D:1      | Reached skill level 4 in Shields
   633 | D:1      | Reached XP level 3. HP: 23/23 MP: 3/3
   933 | D:2      | Found a corrupted altar of Lugonu.
  1221 | D:2      | Reached skill level 1 in Spellcasting
  1567 | D:2      | Reached XP level 4. HP: 28/28 MP: 5/5
  2221 | D:3      | Reached skill level 1 in Dodging
  2360 | D:3      | Reached XP level 5. HP: 32/32 MP: 7/7
  2696 | D:3      | Found a blossoming altar of Fedhas.
  2802 | D:3      | Found a runed translucent gate.
  2803 | D:3      | Found a runed translucent gate.
  2803 | D:3      | Found a runed translucent gate.
  2805 | D:3      | Noticed foxfromabyss's ghost (amateur DgAc)
  2955 | D:4      | Gained mutation: You regenerate a little health from kills.
                  | [Skeleton growth]
  2955 | D:4      | Reached XP level 6. HP: 26/37 MP: 5/8
  3003 | D:4      | Found Foghusch's Assorted Antiques.
  3050 | D:4      | Reached skill level 5 in Shields
  3078 | D:4      | Noticed a sky beast
  3122 | D:4      | Found a sacrificial altar of Ru.
  3462 | D:4      | Slain by an ogre

Skill      XL: |  1  2  3  4  5  6 |
---------------+-------------------+-----
Shields        | 4 5 |  5.0
Axes           | 3 4 |  4.8
Spellcasting   | 1 2 |  2.0
Armour         | 4 |  4.5
Dodging        | 1 |  1.6
Fighting       | |  3.5
Maces & Flails | |  0.6

Action                   |  1- 3 |  4- 6 || total
-------------------------+-------+-------++-------
Melee: War axe           |   228 |   181 ||   409
  Use: Scroll            |       |     5 ||     5
Armor: Scale mail        |   109 |    27 ||   136
       Chain mail        |       |    77 ||    77
Dodge: Dodged            |    55 |    55 ||   110
Block: Medium shield     |   134 |    95 ||   229
